Cogmind - Beta 9.6 @@@ ROGUE MODE // 2020.04.18 @ 14:18:34 Player: Mjolnir Result: Destroyed by G-47 Trooper with Particle Gun Performance ------------- Evolutions (1) 500 Regions Visited (4) 800 Robots Destroyed (146) 730 Value Destroyed (3813) 3813 Prototype IDs (6) 120 Alien Tech Used (0) 0 Bonus (617) 617 TOTAL SCORE: 6580 Bonus ------- High Alert Combat Kills 319 Entered Garrisons 200 Used RIF Installer 500 Friendly Fire -402 Cogmind --------- Core Integrity 0/400 Matter 92/300 Energy 100/100 System Corruption 5% Temperature Cool (9) Movement Core (550) Ox10 Location -9/Garrison Parts ------- > --- POWER (1) -------- (None) > --- PROPULSION (2) --- (None) > --- UTILITY (4) ------ Large Storage Unit Large Storage Unit Core Shielding > --- WEAPON (2) ------- (None) > --- INVENTORY (16) --- Light Nuclear Core Light Treads Cooling System Signal Interpreter Signal Interpreter Light Armor Plating Relay Coupler [NC] (31) Relay Coupler [Brawler] (27) Relay Coupler [Sentry] (22) Improved EM Shotgun Improved EM Shotgun Particle Gun Advanced Beam Cannon Assault Cannon Flail Peak State ------------ > --- POWER ------------ Heavy Ion Engine > --- PROPULSION ------- Light Treads Light Treads > --- UTILITY ---------- Large Storage Unit Large Storage Unit Improved Targeting Computer Hardened Medium Armor Plating > --- WEAPON ----------- Improved EM Shotgun Improved EM Shotgun > --- INVENTORY -------- Heavy Ion Engine Light Nuclear Core Improved Treads Cooling System Medium Storage Unit Improved Sensor Array Signal Interpreter Shock Rifle Assault Cannon Assault Cannon Rocket Launcher Rocket Launcher Rocket Launcher Datajack Flail [Rating: 21] Favorites ----------- Power Heavy Ion Engine Engine Heavy Ion Engine Propulsion Light Treads Treads Light Treads Utility Large Storage Unit Device Improved Sensor Array Storage Large Storage Unit Processor Targeting Computer Hackware Relay Coupler [Swarmer] Protection Hardened Medium Armor Plating Weapon Improved EM Shotgun Energy Gun Improved EM Shotgun Energy Cannon Particle Cannon Ballistic Gun Light Assault Rifle Ballistic Cannon Light Cannon Launcher Rocket Launcher Special Weapon Mining Laser Impact Weapon Flail Special Melee Weapon Datajack Build | -11 -10 -9 -9 -9 ------- Run | Scr Mat Mat Sto Gar Slots Evolved 2 | . . 2 . . Power . | . . . . . Propulsion . | . . . . . Utility 2 | . . 2 . . Weapon . | . . . . . Parts Attached 138 | 7 20 57 35 19 Power 12 | 1 3 5 3 . Engine 12 | 1 3 5 3 . Core . | . . . . . Reactor . | . . . . . Propulsion 30 | 2 2 11 13 2 Treads 30 | 2 2 11 13 2 Leg . | . . . . . Wheel . | . . . . . Hover . | . . . . . Flight . | . . . . . Utility 25 | 2 2 7 10 4 Device 6 | . . 2 3 1 Storage 8 | 2 2 1 3 . Processor 3 | . . 1 2 . Hackware 1 | . . . . 1 Protection 7 | . . 3 2 2 Artifact . | . . . . . Weapon 71 | 2 13 34 9 13 Energy Gun 28 | . 3 17 3 5 Energy Cannon 8 | . . 5 2 1 Ballistic Gun 4 | 2 2 . . . Ballistic Cannon 10 | . 3 4 3 . Launcher 5 | . . 1 . 4 Special Weapon 1 | . 1 . . . Impact Weapon 11 | . 4 6 1 . Slashing Weapon . | . . . . . Piercing Weapon . | . . . . . Special Melee Weapon 4 | . . 1 . 3 Unidentified Prototypes 4 | . . 3 1 . Parts Lost 22 | . 3 7 4 8 Power 3 | . 1 1 . 1 Propulsion 5 | . . 3 . 2 Utility 6 | . . 1 3 2 Weapon 8 | . 2 2 1 3 Highest Loss Streak 7 | . 2 4 2 7 Average Slot Usage (%) 97 | . 98 96 97 96 Engine 11 | . 13 10 10 10 Treads 22 | . 27 21 21 20 Device 2 | . . 4 2 . Storage 24 | . 27 21 26 23 Processor 8 | . . 11 8 8 Protection 4 | . . 5 4 9 Energy Gun 12 | . 1 16 8 15 Energy Cannon 2 | . . 2 4 1 Ballistic Gun 1 | . 11 . . . Ballistic Cannon 3 | . 7 . 7 . Impact Weapon 1 | . 4 . . . Naked Turns . | . . . . . Heaviest Build 65 | 13 41 57 65 63 Greatest Support 43 | 40 40 43 40 43 Greatest Overweight (x) 21 | . 1 2 21 10 Average Overweight (x) . | . . . 1 1 Largest Inventory Capacity 22 | 8 16 16 22 22 Average Capacity 16 | 5 15 15 18 16 Most Carried 22 | 4 16 16 22 21 Average Carried 14 | 1 9 15 17 15 Final Capacity 22 | 8 16 16 22 16 Final Carried 21 | 2 15 15 21 15 Class Distribution -------------------- 85% | Mutant 11% | Hauler-Mutant 3% | Bothacker-Mutant Dominant Class ---------------- Mutant | -10/Materials Mutant | -9/Materials Mutant | -9/Storage Bothacker-Mutant | -9/Garrison Resources | -11 -10 -9 -9 -9 ----------- Run | Scr Mat Mat Sto Gar Matter Collected 1936 | 259 240 781 538 118 Remotely . | . . . . . Salvage Created 4814 | 92 552 2293 1617 260 Parts 300 | 3 34 137 108 18 Haulers Intercepted 12 | . 2 5 5 . Recyclers Shooed 2 | . 1 1 . . Parts Field Recycled . | . . . . . Retrieved Matter . | . . . . . Parts Self-Destructed . | . . . . . Prevented . | . . . . . Kills | -11 -10 -9 -9 -9 ------- Run | Scr Mat Mat Sto Gar Combat Hostiles Destroyed 95 | . 10 46 26 13 Melee 2 | . 2 . . . Guns 35 | . 6 19 6 4 Cannons 33 | . 2 12 19 . AOE 22 | . . 13 . 9 Classes Destroyed 14 | 1 7 5 1 . Worker 7 | . 1 5 1 . Builder 12 | . 2 5 5 . Hauler 12 | . 2 5 5 . Recycler 4 | 1 1 1 1 . Mechanic 2 | . 1 . 1 . Operator 4 | . . 2 2 . Drone 2 | . . . 2 . Watcher 8 | . 2 5 1 . Swarmer 19 | . 3 7 3 6 Grunt 53 | . 7 28 12 6 Brawler 2 | . . 1 . 1 Duelist 2 | . . 1 1 . Protector 1 | . . 1 . . Sentry 18 | . . 8 10 . Best Kill Streak 9 | 1 3 8 9 6 Combat Bots Only 6 | . 2 6 3 6 Max Kills in Single Turn 5 | 1 1 5 2 4 Gunslinging 1 | . . . 1 . Exploded 5 | . . 5 . 4 Melee 1 | . 1 . . . Uniques/NPCs Destroyed . | . . . . . Combat | -11 -10 -9 -9 -9 -------- Run | Scr Mat Mat Sto Gar Damage Taken 5547 | . 669 2293 1444 1141 Core 555 | . 142 239 80 94 Absorbed by Shields 55 | . . . 55 . Core Remaining (%) 71 | 100 43 . . . Volleys Fired 320 | 3 59 139 101 18 Largest 2 | 2 2 2 2 2 Hottest 128 | 40 115 124 128 90 Shots Fired 613 | 6 109 265 199 34 Gun 428 | 6 95 217 92 18 Cannon 158 | . 8 43 107 . Launcher 21 | . . 5 . 16 Special 6 | . 6 . . . Kinetic 167 | 6 84 24 53 . Thermal 144 | . 25 65 54 . Explosive 21 | . . 5 . 16 Electromagnetic 281 | . . 171 92 18 Robot Hit Streak 25 | 3 25 23 11 11 Robot Miss Streak 5 | . 3 5 4 3 Penetration Max . | . . . . . Secondary Targets 1 | . . . 1 . Max Gunslinging Chain 1 | . . . 1 . Shots Hit Robots 406 | 3 91 182 114 16 Core Hits 214 | 2 34 102 56 20 Critical Hits 3 | . 1 . 2 . Critical Kills . | . . . . . Critical Parts Destroyed 3 | . 1 . 2 . Melee Attacks 73 | . 27 14 31 1 Impact 72 | . 27 14 31 . Slashing . | . . . . . Piercing . | . . . . . Sneak Attacks . | . . . . . Combat Hostiles . | . . . . . Follow-up Attacks . | . . . . . Damage Inflicted 8932 | 36 1110 4446 2582 758 Guns 4439 | 36 642 2574 972 215 Cannons 1999 | . 123 614 1262 . Explosions 2085 | . . 1246 296 543 Melee 248 | . 248 . . . Ramming 65 | . 1 12 52 . Kinetic 1675 | 36 602 326 711 . Thermal 2734 | . 259 1557 847 71 Explosive 898 | . . 426 . 472 Electromagnetic 3312 | . . 2125 972 215 Impact 248 | . 248 . . . Slashing . | . . . . . Piercing . | . . . . . Highest Corruption 5 | . . . . 5 Average Corruption 5 | . . . . 5 Corruption Purged . | . . . . . Effects 3 | . . . . 3 Message Errors 2 | . . . . 2 Data Loss (minor) 1 | . . . . 1 Overload Shots . | . . . . . Overflow Damage 197 | . 1 101 46 49 Projectiles 46 | . . 34 12 . Explosions 150 | . . 67 34 49 Melee 1 | . 1 . . . Knockbacks 7 | . 1 3 3 . Impact . | . . . . . Kinetic 7 | . 1 3 3 . Secondary . | . . . . . Self-Inflicted Damage 841 | . . 378 93 370 Shots 20 | . . 7 4 9 Rammed 12 | . . 2 10 . Targets Rammed 13 | . 1 2 10 . Kicked . | . . . . . Crushed 1 | . 1 . . . Highest Temperature 569 | . 257 327 569 210 Average Temperature 79 | . 62 78 86 70 Received Heat Transfer 1461 | . 345 567 333 216 Effects 6 | . 1 . 5 . Interference 3 | . 1 . 2 . Short Circuit 3 | . . . 3 . Siege Activations . | . . . . . Robots Corrupted 3 | . . 2 1 . Combat Hostiles 2 | . . 1 1 . Parts Fried 21 | . . 16 4 1 Impact Corruptions 1 | . 1 . . . Robots Melted . | . . . . . Combat Hostiles . | . . . . . Parts Melted . | . . . . . Heat Transferred 4558 | . 644 2465 1299 150 Parts Sabotaged . | . . . . . Parts Stolen . | . . . . . Parts Stripped . | . . . . . Power Chain Reactions 14 | . . 8 4 2 Missiles Intercepted . | . . . . . Alert | -11 -10 -9 -9 -9 ------- Run | Scr Mat Mat Sto Gar Peak Influence 874 | 5 173 874 500 531 Average Influence 278 | 1 55 325 326 323 Maximum Alert Level 3 | . . 3 2 2 Low Security (%) 39 | 100 100 43 1 . Level 1 37 | . . 22 78 76 Level 2 16 | . . 19 19 23 Level 3 6 | . . 13 . . Level 4 . | . . . . . Level 5 . | . . . . . High Security . | . . . . . Max Security . | . . . . . Squads Dispatched 15 | . 1 9 5 . Investigation 6 | . . 6 . . Extermination . | . . . . . Reinforcement 5 | . 1 2 2 . Assault 1 | . . 1 . . Garrison 3 | . . . 3 . Intercept . | . . . . . Construction Impeded . | . . . . . Haulers Reinforced . | . . . . . Stealth | -11 -10 -9 -9 -9 --------- Run | Scr Mat Mat Sto Gar Distress Signals 11 | . 2 . 9 . Communications Jammed . | . . . . . Distress Signals . | . . . . . Times Spotted 148 | . 24 69 41 14 Peak Tracking Total 8 | . 5 8 5 6 Tactical Retreats 11 | . 1 8 2 . Traps | -11 -10 -9 -9 -9 ------- Run | Scr Mat Mat Sto Gar Traps Triggered 5 | . 1 1 2 1 Indirectly . | . . . . . Trap Hack Attempts . | . . . . . Triggered . | . . . . . Disarmed . | . . . . . Reprogrammed . | . . . . . Reused . | . . . . . Traps Extracted . | . . . . . Installed . | . . . . . Triggered 1 | . . 1 . . Machines | -11 -10 -9 -9 -9 ---------- Run | Scr Mat Mat Sto Gar Machines Disabled 18 | . . 9 7 2 Max in Single Turn 2 | . . 2 1 1 Garrison Relay 1 | . . . . 1 Machines Sabotaged . | . . . . . Garrisons Compromised . | . . . . . Overloaded Fab Kills . | . . . . . Fab Network Shutdowns . | . . . . . Hacking | -11 -10 -9 -9 -9 --------- Run | Scr Mat Mat Sto Gar Machines Accessed 29 | . 7 11 11 . Terminals 18 | . 5 5 8 . Fabricators . | . . . . . Repair Stations 5 | . 1 2 2 . Recycling Units 3 | . 1 2 . . Scanalyzers 2 | . . 2 . . Garrison Access 1 | . . . 1 . Total Hacks 87 | . 21 41 25 . Successful 52 | . 12 26 14 . Failed 35 | . 9 15 11 . Catastrophic 9 | . 1 3 5 . Database Lockouts . | . . . . . Manual 24 | . 7 8 9 . Terminals 50 | . 15 16 19 . Fabricators . | . . . . . Repair Stations 20 | . 3 13 4 . Recycling Units 6 | . 3 3 . . Scanalyzers 9 | . . 9 . . Garrison Access 2 | . . . 2 . Terminal Hacks 24 | . 9 7 8 . Robot Analysis 2 | . 1 1 . . Prototype ID Bank 1 | . 1 . . . Open Door 2 | . . . 2 . Branch Access Points 2 | . 1 1 . . Emergency Access Points 1 | . . . 1 . Alert Level 4 | . . 1 3 . Unreport Threat 3 | . 1 . 2 . Locate Traps 2 | . 1 1 . . Recall Investigation 1 | . . 1 . . Hauler Manifests 2 | . 2 . . . Registered Components 2 | . 1 1 . . Zone Layout 2 | . 1 1 . . Fabricator Hacks . | . . . . . Repair Station Hacks 16 | . 2 10 4 . Scan Component 9 | . 1 6 2 . Repair 7 | . 1 4 2 . Recycling Unit Hacks 4 | . 1 3 . . Process 1 | . . 1 . . Report Inventory 3 | . 1 2 . . Scanalyzer 6 | . . 6 . . Insert Component 4 | . . 4 . . Analyze 2 | . . 2 . . Garrison Access Hacks 2 | . . . 2 . Unlock Access 1 | . . . 1 . Coupler Status 1 | . . . 1 . Unauthorized Hacks . | . . . . . Terminals . | . . . . . Fabricators . | . . . . . Repair Stations . | . . . . . Recycling Units . | . . . . . Scanalyzers . | . . . . . Garrison Access . | . . . . . Data Cores Recovered . | . . . . . Used . | . . . . . Hacking Detections 23 | . 6 9 8 . Full Trace Events 6 | . . 6 . . Feedback Events . | . . . . . Feedback Blocked . | . . . . . Robot Schematics Acquired . | . . . . . Robots Built . | . . . . . Matter . | . . . . . Time . | . . . . . Total Robot Build Rating . | . . . . . Part Schematics Acquired 2 | . . 2 . . Parts Built . | . . . . . Matter . | . . . . . Time . | . . . . . Total Part Build Rating . | . . . . . Parts Repaired 7 | . 1 4 2 . Time 237 | . 26 134 77 . Parts Recycled . | . . . . . Recycled Matter 162 | . . 162 . . Retrieved Matter . | . . . . . Retrieved Components . | . . . . . Parts Scanalyzed 3 | . . 3 . . Part Schematics Acquired 2 | . . 2 . . Parts Damaged 1 | . . 1 . . Bothacking | -11 -10 -9 -9 -9 ------------ Run | Scr Mat Mat Sto Gar Used RIF Installer 1 | . . . . 1 Robots Hacked 1 | . . . . 1 Non-combat . | . . . . . Combat 1 | . . . . 1 Robot Hacks Applied 1 | . . . . 1 parse_system 1 | . . . . 1 Relay Couplers Released 5 | . . . . 5 Machine Destruction 5 | . . . . 5 Attached 1 | . . . . 1 Robots Rewired . | . . . . . Allies Hacked . | . . . . . Hacks Repelled . | . . . . . Allies | -11 -10 -9 -9 -9 -------- Run | Scr Mat Mat Sto Gar Total Allies . | . . . . . Largest Group . | . . . . . Highest-Rated Group . | . . . . . Highest-Rated Ally . | . . . . . Total Orders . | . . . . . Ally Attacks . | . . . . . Total Damage . | . . . . . Kills . | . . . . . Allies Corrupted . | . . . . . Allies Melted . | . . . . . Intel | -11 -10 -9 -9 -9 ------- Run | Scr Mat Mat Sto Gar Robot Analysis Total 2 | . 1 1 . . Derelict Logs Recovered . | . . . . . Drone Launches 16 | . . . 16 . Drone Recoveries . | . . . . . Exploration | -11 -10 -9 -9 -9 ------------- Run | Scr Mat Mat Sto Gar Turns Passed 7779 | 91 1235 3868 2014 571 Spaces Moved 3246 | 51 538 1655 757 245 Core 15 | 12 . . 1 2 Treads 3231 | 39 538 1655 756 243 Legs . | . . . . . Wheels . | . . . . . Hover . | . . . . . Flight . | . . . . . Fastest Speed 50 | 50 160 160 160 180 Average Speed 177 | 134 164 179 181 184 Slowest Speed 1100 | 160 180 200 1100 550 Overloaded Moves . | . . . . . Propulsion Burnouts . | . . . . . Robots Hopped . | . . . . . Cave-ins Triggered 1 | . . . . 1 Exploration Rate (%) 56 | 4 59 91 94 33 Regions Visited 4 Branch Regions 1 Pre-discovered Areas 1 | . . . 1 . Known Exits Taken 2 | . . 1 1 . Unknown Exits Taken 2 | 1 1 . . . Scrap Searched . | . . . . . Spaces Dug 61 | . 6 19 2 34 Terrain Destroyed 205 | . 6 136 13 50 Melee 17 | . 6 9 2 . Projectile 4 | . . 2 2 . AOE 184 | . . 125 9 50 Actions | -11 -10 -9 -9 -9 --------- Run | Scr Mat Mat Sto Gar Total 4531 | 69 728 2259 1144 331 Wait 552 | . 48 320 154 30 Move 3242 | 50 537 1654 756 245 Hop . | . . . . . Pick Up 106 | 9 28 40 24 5 Fast Attach 18 | . . 7 9 2 Attach 36 | 7 7 11 6 5 Detach 1 | . . . 1 . Swap 84 | . 13 39 20 12 Drop 74 | . 8 33 22 11 Fire 320 | 3 59 139 101 18 Melee 73 | . 27 14 31 1 Ram . | . . . . . Kick . | . . . . . Crush 13 | . 1 2 10 . Escape Stasis 4 | . . . 2 2 Rewire . | . . . . . Trap . | . . . . . Miscellaneous 8 | . . . 8 . Route ------- -11/Scrapyard -10/Materials (discovered 4 exits: *Mat x2 / *Min x2) -9/Materials (discovered 7 exits: [*Mat x3] / *Min x2 / *Sto x2) -9/Storage (discovered 2 exits: [*Mat] / Gar) -9/Garrison History --------- Turn | Location | Event 2 | -11/Scrapyard | Met Revision 17 6 | -11/Scrapyard | Discovered new exit (range 15) 92 | -11/Scrapyard | Entered Materials 164 | -10/Materials | Identified exit to Mines 305 | -10/Materials | Build established: Mutant 564 | -10/Materials | Discovered new exit (range 9) 681 | -10/Materials | Core integrity fell below 50% 761 | -10/Materials | Discovered new exit (range 15) 977 | -10/Materials | Repaired Lgt. Treads 1327 | -10/Materials | Entered another Materials area 1327 | -9/Materials | Evolved 2 slots: Utility x2 1426 | -9/Materials | Discovered new exit (range 7) 1654 | -9/Materials | Lost 4 parts (1p2n1w) 1691 | -9/Materials | Discovered new exit (range 14) 2056 | -9/Materials | Repaired Shock Rifle 2083 | -9/Materials | Repaired Lgt. Treads 2232 | -9/Materials | Discovered new exit (range 9) 2744 | -9/Materials | Discovered new exit (range 15) 3016 | -9/Materials | Identified exit to Mines 3016 | -9/Materials | Identified exit to Storage 4416 | -9/Materials | Discovered new exit (range 16) 4527 | -9/Materials | First assault squad dispatched 4623 | -9/Materials | Repaired Broken Imp. Treads 4677 | -9/Materials | Repaired Lrg. Storage Unit 4693 | -9/Materials | Core integrity fell below 50% 5195 | -9/Materials | Entered Storage 5298 | -9/Storage | Repaired Lgt. Treads 5317 | -9/Storage | Repaired Hvy. Ion Engine 6368 | -9/Storage | Garrison activated, responded to threat 6599 | -9/Storage | Discovered new exit (range 36) 6693 | -9/Storage | Build established: Hauler-Mutant 7115 | -9/Storage | Learned location of Armory (-3) 7207 | -9/Storage | Identified exit to Garrison 7209 | -9/Storage | Entered Garrison 7220 | -9/Garrison | Installed Relay Interface Framework 7374 | -9/Garrison | Triggered checkpoint 7384 | -9/Garrison | Core integrity fell below 20% 7445 | -9/Garrison | Garrison Relay disabled 7642 | -9/Garrison | Triggered checkpoint 7643 | -9/Garrison | Crushed by falling debris 7658 | -9/Garrison | Triggered checkpoint 7780 | -9/Garrison | Destroyed by G-47 Trooper with Particle Gun Last Messages --------------- 07686_ The unstable cave ceiling collapses. 07722_ ZZJH3TE<#H5L8QE0NPFTEPA7 Garrison Door opened remotely. 07743_ Datajack destroyed. 07744_ KKNJ9QYNWSGYHBP=DQIGQ&6RXCH EYQBM 07758_ S-10 Pest destroyed. 07758_ G-34 Mercenary destroyed. 07763_ Lgt. Treads destroyed. 07763_ Destroyed Lgt. Treads. 07764_ The unstable cave ceiling collapses. 07769_ Rocket Launcher destroyed. 07769_ Destroyed Rocket Launcher. 07769_ Hvy. Ion Engine destroyed. 07769_ Destroyed Hvy. Ion Engine. 07769_ Rocket Launcher destroyed. 07769_ Destroyed Rocket Launcher. 07771_ Lgt. Treads destroyed. 07775_ The unstable cave ceiling collapses. 07776_ Relay Coupler [Swarmer] destroyed. 07778_ The unstable cave ceiling collapses. Map ----- +----------------------------------------------------+ | ?????????????????????????????????????????????????? | | ??????????????????????????#####??????????????????? | | ??????????????????????????# ###???????#####????? | | ????????????????????####### =#"#####???#"""#????? | | ????????????????????#[ = ! #???#" "#????? | | ????????????????????#! #####*%"### #???#" "#????? | | ???????????????????#" ""#??## ##?# #???#" "#????? | | ???????????????????#######???# #??# #???## ##????? | | ?????????????????????????????# #??# #???#=* #????? | | ?????????????????????????????# #### ##### ]]#????? | | ?????????????????????????????# # ! !#????? | | ?????????????????????????????#### !#????? | | ????????????????????????????????# ##########????? | | ????????????????????????????????# #?????????????? | | ????????????????????????????????# #?????????????? | | ????????????????????????????????# #?????????????? | | ???????????#??????????########### #?????????????? | | ???????????# ?????????# # #?????????????? | | ???????????#^???????### ######### #?????????????? | | ???????????#^ ?###### # #???????# #?????????????? | | ???????????# ##%*= # #######?# #?????????????? | | ??????????## #= ## ## # ### #?????????????? | | ???????#### = ## #?????????????? | | ???????? + g g #?????????????? | | ??????????# #?????????????? | | ??????????# @ # #####?????????????? | | ??????????# ## ## %=### #????????????????? | | ??????????" # #????????????????? | | ??????????" #? ##????????????????? | | ??????????" #? ##?????????????????? | | ??????????" % #??#??????????????????? | | ??????????# ## # ###?????????????????????? | | ??????????# ?# #??????????????????????? | | ????????? ?? ?????????????????????? | | ??????? ?? ???????????????????? | | ?????? ?? ######??????????????????? | | ????????#??#####"" ## ##???????????????????????? | | ????????????????? ?# #????????????????????????? | | ?????????????????##??# #????????????????????????? | | ?????????????????????# #????????????????????????? | | ?????????????????????? #????????????????????????? | | ?????????????????????? #????????????????????????? | | ??????????????????????? ?????????????????????????? | | ?????????????????????????????????????????????????? | | ?????????????????????????????????????????????????? | | ?????????????????????????????????????????????????? | | ?????????????????????????????????????????????????? | | ?????????????????????????????????????????????????? | | ?????????????????????????????????????????????????? | | ?????????????????????????????????????????????????? | +----------------------------------------------------+ Best States ------------- Heat Dissipation 28 Energy Generation 14 Energy Capacity 280 Matter Stores 300 Matter Capacity 300 Sight Range 16 Robot Scan Range 13 Terrain Scan Density 10 Armor Coverage 225 Core Shielding 20 Evasion (%) 50 Targeting Accuracy 6 Recoil Reduction 2 Item Schematics ----------------- Imp. Treads | -9/Materials | Scanalyzed Imp. Sensor Array | -9/Materials | Scanalyzed Robot Schematics ------------------ None Fabricated ------------ Nothing Alien Tech Used ----------------- None Achievements -------------- Backstab Part-time Excavator Quick And Dirty Challenges ------------ None Game ------ Seed ContainmentRocketTerminator Manual? 0 Play Time 01:39:48 Cumulative 17.1 hours Start 2020.04.18 @ 12:29:38 End 2020.04.18 @ 14:18:34 Sessions 1 Manual Loads 0 Difficulty Rogue Special Mode None Game No. 13 Rogue 13 Adventurer 0 Explorer 0 Win Type - Total 0 Types 0/0/0/0/0/0/0 Lore% 16 Gallery% 17 Achievement% 15 Wizard Run 0 Options --------- ASCII 0 Keyboard 0 Movement Mouse Keybinds 0 Fullscreen 2 Font 18/X11Bold Map View 76x50 Tactical HUD 1 Map Filters NONE Filters NONE Steam 1 RUN: 2e68f397-9c48-4c5a-81bb-925ce5e39f74